 Dungeon Crawl Stone Soup version 0.30-a0-465-g8901f6c8b5 (webtiles) character file.

Game seed: 12066699478867415629

887 cforsyth the Covered (level 7, -1/64 HPs)
             Began as an Armataur Gladiator on Dec 19, 2022.
             Was an Initiate of Okawaru.
             Slain by a gnoll sergeant
             ... wielding a +0 spear of venom
              (3 damage)
             ... on level 6 of the Dungeon.
             The game lasted 00:08:15 (5437 turns).

cforsyth the Covered (Armataur Gladiator)           Turns: 5437, Time: 00:08:15

Health: -1/64      AC:  6    Str: 19    XL:     7   Next: 77%
Magic:  7/7        EV:  9    Int: 11    God:    Okawaru [......]
Gold:   369        SH:  0    Dex: 11    Spells: 6/6 levels left

rFire   + . .      SeeInvis .    y - +6 club (venom)
rCold   . . .      Faith    .    (no shield)
rNeg    + . .      Spirit   .    b - +0 leather armour
rPois   +          Reflect  .    c - +0 helmet
rElec   .          Harm     .    (no cloak)
rCorr   .          Roll     +    (no gloves)
Will    .....                    (no barding)
Stlth   +.........               (no amulet)
HPRegen 0.30/turn                A - ring "Lylinu" {rPois rF+}
MPRegen 0.10/turn                k - ring of positive energy

@: lethally poisoned (-1 -> -6)
A: large, rugged brown scales 3, deformed body, armoured tail, roll, long
tongue, awkward tongue
a: Renounce Religion


You were on level 6 of the Dungeon.
You worshipped Okawaru.
Okawaru was noncommittal.
You visited 1 branch of the dungeon, and saw 6 of its levels.
You also visited: Sewer.

You collected 369 gold pieces.

Inventory:

Hand Weapons
 a - a +0 flail
 y - a +6 club of venom (weapon)
Missiles
 d - 4 throwing nets (quivered)
 e - a javelin
Armour
 b - a +0 leather armour (worn)
 c - a +0 helmet (worn)
Jewellery
 h - a +4 ring of slaying
 k - a ring of positive energy (right hand)
 A - the ring "Lylinu" (left hand) {rPois rF+}
   (You found it in a sewer)

   [ring of protection from fire]

   rF:        It protects you from fire.
   rPois:     It protects you from poison.
 C - a +4 ring of protection
Wands
 i - a wand of iceblast (8)
Scrolls
 g - a scroll of enchant armour {unknown}
 m - a scroll of fog {unknown}
 o - 2 scrolls of blinking
 p - a scroll of torment {unknown}
 q - 2 scrolls of enchant weapon {unknown}
 s - a scroll of immolation {unknown}
 t - a scroll of brand weapon
 u - 3 scrolls of vulnerability
 v - a scroll of teleportation
Potions
 f - a potion of berserk rage
 j - 2 potions of haste
 l - a potion of might
 n - 2 potions of magic
 r - 2 potions of flight
 w - a potion of resistance
 x - a potion of brilliance
 z - a potion of mutation
 B - a potion of invisibility
 D - a potion of ambrosia
 E - a potion of heal wounds {unknown}


   Skills:
 + Level 4.9 Fighting
 + Level 5.4 Maces & Flails
 - Level 1.7 Throwing
 + Level 5.9 Armour
 - Level 2.1 Dodging


You had 6 spell levels left.
You didn't know any spells.
Your spell library was empty.

Dungeon Overview and Level Annotations

Branches:
Dungeon (6/15)              Sewer (visited)
 Temple: D:4-7

Altars:
Dithmenos
Okawaru
Sif Muna
Wu Jian
Xom
The Shining One


Innate Abilities, Weirdness & Mutations

You are completely covered in rugged brown scales. (AC +3, +7% HP)
Armour fits poorly on your strangely shaped body.
You have a long armoured tail.
You roll when moving toward enemies. (Rampage)
Your long tongue fully drains potion bottles. (2x potion effects)
Your tongue gives you trouble enunciating. (1.5x scroll delay)


Message History

The white imp gestures at you. The puff of frost hits you!
You roll towards the white imp!
You hit the white imp.
The white imp is heavily wounded.
The gnoll sergeant hits you with a +0 spear of venom.
The white imp hits you. The white imp freezes you.
You hit the white imp but do no damage.
The white imp is heavily wounded.
The gnoll sergeant hits you with a +0 spear of venom.
The white imp grins evilly.
The white imp hits you. The white imp freezes you.
You hit the white imp.
The white imp is poisoned.
You tail-slap the white imp.
You kill the white imp!
Okawaru accepts your kill.
The gnoll sergeant hits you with a +0 spear of venom.
Your life force feels restored.
You closely miss the gnoll sergeant. The gnoll barely misses you.
The gnoll sergeant misses you.
You completely miss the gnoll sergeant. The gnoll misses you.
The gnoll sergeant closely misses you. The gnoll sergeant barely misses you.
You see here a +0 spear.
The gnoll attacks as you move away! The gnoll closely misses you.
The gnoll sergeant hits you from afar with a +0 spear of venom.
You are poisoned.
Items here: ))) †††.
The gnoll attacks as you move away! The gnoll hits you with a +0 flail.
You feel very sick.
You hit the gnoll.
The gnoll is lightly wounded.
You feel sick. The gnoll hits you with a +0 flail.
* * * LOW HITPOINT WARNING * * *
The gnoll sergeant hits you from afar with a +0 spear of venom!
* * * LOW HITPOINT WARNING * * *
You sock the gnoll!
The gnoll looks as sick as possible!
The gnoll is almost dead.
You feel sick. The gnoll hits you with a +0 flail!
* * * LOW HITPOINT WARNING * * *
The gnoll sergeant hits you from afar with a +0 spear of venom.
You die...

#.......# ........ #
#.####...#.## ###
##.............# ..#
#..#.###.......# ###
##.......(.#
#.######...#.###g#.......
#.#...........##g#.##.###
.....###.#....##@#.#
..#..............#..
#.####.###....######
#.#......#....#
#..........####
..#.##.#.#.# ..#.##.#...#
... ##.##### . #.#


You could see a gnoll sergeant and a gnoll (extremely poisoned).

Vanquished Creatures
  An ogre (D:5)
  A phantom (D:5)
  3 bullfrogs
  A necrophage (D:6)
  A howler monkey (D:4)
  2 jellies
  An orc priest (D:3)
  2 hounds (D:5)
  Jessica (D:2)
  An iguana (D:5)
  7 adders
  4 gnolls (D:6)
  A white imp (D:6)
  An ufetubus (D:5)
  3 worms
  2 dart slugs
  16 orcs
  12 ball pythons
  3 bats
  8 endoplasms
  10 giant cockroaches
  7 goblins
  8 hobgoblins
  2 jackals (D:2)
  6 quokkas
  12 frilled lizards
  3 kobolds
  5 rats
124 creatures vanquished.

Notes
Turn   | Place    | Note
-------+----------+-------------------------------------------
     0 | D:1      | cforsyth the Armataur Gladiator began the quest for the
                  | Orb.
     0 | D:1      | Reached XP level 1. HP: 18/18 MP: 1/1
     1 | D:1      | Found a shimmering altar of Xom.
    79 | D:1      | Reached skill level 1 in Armour
    79 | D:1      | Reached XP level 2. HP: 25/25 MP: 2/2
   598 | D:1      | You fall into a shaft and drop 1 floor!
   657 | D:2      | Reached XP level 3. HP: 20/32 MP: 3/3
  1187 | D:2      | Reached XP level 4. HP: 36/39 MP: 4/4
  1667 | D:2      | Noticed Jessica
  1676 | D:2      | Killed Jessica
  1906 | D:3      | Found a glowing golden altar of the Shining One.
  2219 | D:3      | Reached XP level 5. HP: 10/48 MP: 5/5
  2919 | D:4      | Found a glowing drain.
  2931 | Sewer    | Entered a sewer
  3227 | Sewer    | Reached XP level 6. HP: 11/55 MP: 6/6
  3593 | Sewer    | Identified the ring "Lylinu" {rPois rF+}
  3851 | D:4      | Identified the +1 chain mail of Noon {-Tele Str+10 Int+3}
  3962 | D:4      | Found a shadowy altar of Dithmenos.
  4209 | D:4      | Found an ornate altar of the Wu Jian Council.
  4306 | D:4      | Found an iron altar of Okawaru.
  4331 | D:5      | Entered Level 5 of the Dungeon
  4493 | D:5      | Reached XP level 7. HP: 60/63 MP: 7/7
  4544 | D:5      | Reached skill level 5 in Armour
  4552 | D:5      | Reached skill level 5 in Maces & Flails
  5078 | D:5      | Found a shimmering blue altar of Sif Muna.
  5211 | D:4      | Became a worshipper of Warmaster Okawaru
  5437 | D:6      | HP: 2/64 [gnoll/+0 flail[a gnoll sergeant] (7)]
  5437 | D:6      | Slain by a gnoll sergeant

Illustrated notes

Levels and vault maps discovered:
D:1:      sevenhm_arrival_forest_fort_small_6, layout_loops_ring, serial_rivers,
          chequers_serial_rivers_room_b, chequers_serial_rivers_micro_a,
          chequers_serial_rivers_micro_b, chequers_serial_rivers_micro_c,
          chequers_serial_rivers_small_3
D:2:      layout_loops_corners, wad_floor_pattern_2, minmay_misc_feat_x,
          uniq_jessica
D:3:      layout_loops_cross, mainiacjoe_overflow_boulevard
D:4:      layout_basic, mainiacjoe_overflow_paths, kennysheep_okawaru_gauntlet,
          nzn_wu_jian_contemplation, cheibrodos_sewer_entry_drain, minivault_23,
          minmay_misc_feat_more_columns, kennysheep_generic_room_13
D:5:      layout_rooms, marbit_many_paths
D:6:      layout_basic

Skill      XL: |  1  2  3  4  5  6  7 |
---------------+----------------------+-----
Fighting       | 2 3 4 |  4.9
Armour         | 1 2 3 4 5 |  5.9
Maces & Flails | 3 4 5 |  5.4
Throwing       | |  1.7
Dodging        | |  2.1

Action                   |  1- 3 |  4- 6 |  7- 9 || total
-------------------------+-------+-------+-------++-------
Melee: Flail             |   128 |    20 |       ||   148
       Tailslap          |    10 |    19 |     7 ||    36
       Punch             |     2 |     1 |     2 ||     5
       Club              |       |   176 |    65 ||   241
  Use: Potion            |     1 |     2 |       ||     3
       Scroll            |       |    11 |     3 ||    14
Armor: Leather armour    |    60 |   103 |    24 ||   187
Dodge: Dodged            |    73 |   103 |    41 ||   217

Table legend: (Time is in decaauts)
 A = Elapsed time spent in this place.
 B = Non-inter-level travel time spent in this place.
 C = Inter-level travel time spent in this place.
 D = Time resting spent in this place.
 E = Time spent auto-exploring this place.
 F = Levels seen in this place.
 G = Mean time per level.
                   A        B        C        D        E       F      G
               +--------+--------+--------+--------+--------+-----+--------+
         Total |   5499 |   5294 |    205 |    874 |   3397 |   7 |  785.6 |
       Dungeon |   4615 |   4410 |    205 |    531 |   3063 |   6 |  769.2 |
         Sewer |    883 |    883 |      0 |    343 |    334 |   1 |  883.0 |
               +--------+--------+--------+--------+--------+-----+--------+

Top non-repeatable levels by time:
     D:2: 1138 daAuts
     D:3: 1025 daAuts
   Sewer: 883 daAuts
     D:5: 849 daAuts
     D:1: 769 daAuts
     D:4: 645 daAuts
     D:6: 187 daAuts
